 Dungeon Crawl Stone Soup version 0.23.2-1-ga50397a6bc (webtiles) character file.

Game seed: 14977592444437127878

180 tellerius the Ruffian (level 5, -6/52 HPs)
             Began as a Troll Berserker on May 31, 2019.
             Was a Believer of Trog.
             Mangled by Sigmund
             ... wielding a +2 scythe of freezing
              (7 damage)
             ... on level 3 of the Dungeon.
             The game lasted 00:15:45 (1555 turns).

tellerius the Ruffian (Troll Berserker)             Turns: 1555, Time: 00:15:45

Health: -6/52      AC:  6    Str: 25    XL:     5   Next: 33%
Magic:  4/4        EV: 10    Int:  4    God:    Trog [**....]
Gold:   97         SH:  0    Dex:  9    Spells: 4/4 levels left

rFire    x . .     SeeInvis .     - Unarmed
rCold    + . .     Gourm    +   (no shield)
rNeg     . . .     Faith    .   i - +0 robe
rPois    .         Spirit   .   (helmet restricted)
rElec    .         Reflect  .   (no cloak)
rCorr    .         Harm     .   (gloves unavailable)
MR       .....                  (boots unavailable)
Stlth    +.........             (no amulet)
HPRegen  0.57/turn              e - ring of ice
MPRegen  0.09/turn              (no ring)

@: no status effects
A: large, unfitting armour, claws 3, fast metabolism 3, gourmand, regeneration
1, shaggy fur 1, tough skin 3
a: Berserk, Trog's Hand, Renounce Religion


You were on level 3 of the Dungeon.
You worshipped Trog.
Trog was pleased with you.
You were very full.

You visited 1 branch of the dungeon, and saw 3 of its levels.

You collected 97 gold pieces.

Inventory:

Hand Weapons
 h - a +0 long sword
 j - a +0 club
 l - a +0 hunting sling
Missiles
 g - 33 sling bullets (quivered)
Armour
 a - a +0 animal skin
 i - a +0 robe (worn)
Jewellery
 e - a ring of ice (left claw)
Wands
 k - a wand of polymorph (4)
Scrolls
 c - 2 scrolls of teleportation
 d - a scroll of identify
 f - a scroll of magic mapping
Comestibles
 b - 5 rations


   Skills:
 + Level 2.9 Fighting
 + Level 3.2 Dodging
 + Level 0.6 Stealth
 + Level 4.8 Unarmed Combat


You had 4 spell levels left.
You didn't know any spells.
Your spell library was empty.

Dungeon Overview and Level Annotations

Branches:
Dungeon (3/15)

Altars:

Annotations:
D:3 Sigmund


Innate Abilities, Weirdness & Mutations

You are too large for most types of armour.
You have claws for hands.
Your metabolism is lightning-fast.
You like to eat raw meat.
Your natural rate of healing is unusually fast.
You are covered in fur. (AC +1)
You have extremely tough skin. (AC +3)


Message History

Sigmund casts a spell.
Sigmund flickers and vanishes!
Deactivating autopickup; reactivate with Ctrl-A.
You closely miss something.
You hear some strange, mumbled words.
You are confused.
You bump into the rock wall.
Something hits you but does no damage.
You bump into the rock wall.
Something hits you! Something freezes you.
You bump into the rock wall.
Something hits you!
* * * LOW HITPOINT WARNING * * *
Something freezes you.
* * * LOW HITPOINT WARNING * * *
You feel less confused. Something hits you!
* * * LOW HITPOINT WARNING * * *
You scratch something. Your claw misses something. You scratch something.
Something hits you.
* * * LOW HITPOINT WARNING * * *
You closely miss something. Something hits you!
You die...

#. ...
#..#.. .#
#..#..#.#
#.......#
##.#....
........
#...#####.#
#g{@....#
#.#.#######
#.#.# #.#.#
#.#.# #.#.#
#.#.##
#....#
#....#


You could see a goblin.

Vanquished Creatures
  Jessica (D:2)
  Ijyb (D:2)
  8 adders
  An ooze (D:1)
  2 worms (D:2)
  A leopard gecko (D:1)
  An orc (D:3)
  8 bats
  A giant cockroach (D:2)
  11 goblins
  6 hobgoblins
  A quokka (D:2)
  2 frilled lizards (D:2)
  A kobold (D:2)
  3 rats (D:2)
48 creatures vanquished.

Notes
Turn   | Place    | Note
-------+----------+-------------------------------------------
     0 | D:1      | tellerius the Troll Berserker began the quest for the Orb.
     0 | D:1      | Reached XP level 1. HP: 22/22 MP: 0/0
   156 | D:1      | Reached XP level 2. HP: 29/29 MP: 1/1
   693 | D:2      | Noticed Jessica
   703 | D:2      | Killed Jessica
   703 | D:2      | Reached XP level 3. HP: 35/36 MP: 2/2
   755 | D:2      | Noticed Ijyb
   778 | D:2      | Killed Ijyb
   778 | D:2      | Reached XP level 4. HP: 44/44 MP: 3/3
   875 | D:2      | Reached ** piety under Trog
   876 | D:2      | Reached skill level 4 in Unarmed Combat
  1154 | D:2      | Reached XP level 5. HP: 39/52 MP: 4/4
  1521 | D:3      | Noticed Sigmund
  1554 | D:3      | HP: 1/52 [something (5)]
  1555 | D:3      | Mangled by Sigmund

Skill      XL: |  1  2  3  4 |
---------------+-------------+-----
Dodging        | 3 |  3.2
Unarmed Combat | 4 |  4.8
Fighting       | |  2.9
Stealth        | |  0.6

Action                   |  1- 3 |  4- 6 || total
-------------------------+-------+-------++-------
Melee: Unarmed           |    52 |   109 ||   161
       Punch             |       |     1 ||     1
Throw: Stone             |       |     3 ||     3
  Use: Potion            |     4 |     1 ||     5
       Scroll            |     2 |     3 ||     5
 Stab: Sleeping          |     2 |       ||     2
  Eat: Chunk             |     7 |     7 ||    14
       Ration            |     1 |       ||     1
Armor: Animal skin       |     5 |       ||     5
       Robe              |    12 |    51 ||    63
Dodge: Dodged            |    41 |    72 ||   113
